 Dungeon Crawl Stone Soup version 0.21-a0-522-ga8338f0 (webtiles) character file.

121 slep the Chopper (level 4, -4/33 HPs)
             Began as a Demonspawn Gladiator on Dec 6, 2017.
             Slain by a gnoll
             ... wielding a +0 spear
              (7 damage)
             ... on level 3 of the Dungeon.
             The game lasted 00:04:51 (1549 turns).

slep the Chopper (Demonspawn Gladiator)             Turns: 1549, Time: 00:04:54

Health: -4/33      AC:  8    Str: 14    XL:     4   Next: 76%
Magic:  4/4        EV: 13    Int: 10    God:
Gold:   188        SH:  0    Dex: 15    Spells: 3/3 levels left

rFire    . . .     SeeInvis .   a - +0 war axe
rCold    . . .     Gourm    .   (no shield)
rNeg     . . .     Faith    .   b - +0 leather armour
rPois    +         Spirit   .   c - +0 helmet
rElec    .         Reflect  .   (no cloak)
rCorr    .         Harm     .   h - +1 pair of gloves
MR       .....                  (no boots)
Stlth    +.........             (no amulet)
HPRegen  0.11/turn              e - ring of poison resistance
MPRegen  0.09/turn              (no ring)

@: no status effects
A: talons 1, molten scales 1
a: no special abilities


You were on level 3 of the Dungeon.
You were not hungry.

You visited 1 branch of the dungeon, and saw 3 of its levels.

You collected 188 gold pieces.

Inventory:

Hand Weapons
 a - a +0 war axe (weapon)
Missiles
 d - 3 throwing nets (quivered)
Armour
 b - a +0 leather armour (worn)
 c - a +0 helmet (worn)
 h - a +1 pair of gloves (worn)
Jewellery
 e - a ring of poison resistance (left hand)
Scrolls
 g - 3 scrolls of teleportation {unknown}
 i - 3 scrolls of remove curse {unknown}
 l - a scroll of enchant armour {unknown}
 n - 3 scrolls of identify {unknown}
 p - 2 scrolls of immolation {unknown}
 q - a scroll of blinking {unknown}
 r - a scroll of noise {unknown}
 t - a scroll of amnesia {unknown}
Potions
 j - a potion of mutation {unknown}
 o - 2 potions of curing {unknown}
 s - a potion of degeneration {unknown}
Comestibles
 f - 2 bread rations
 k - 2 meat rations
 m - a royal jelly


   Skills:
 + Level 2.3 Fighting
 + Level 4.1 Axes
 + Level 1.9 Throwing
 + Level 0.7 Armour
 + Level 3.4 Dodging
 + Level 0.1 Stealth


You had 3 spell levels left.
You didn't know any spells.

Dungeon Overview and Level Annotations

Branches:
Dungeon (3/15)

Altars:


Innate Abilities, Weirdness & Mutations

You have sharp toenails.
You are partially covered in molten scales. (AC +2)


Message History

The gnoll hits you from afar with a halberd.
You closely miss the jackal. Your kick misses the jackal.
The jackal is heavily wounded.
The jackal bites you but does no damage.
The gnoll hits you from afar with a halberd.
The jackal barely misses you.
You closely miss the jackal.
The jackal is moderately wounded.
The gnoll hits you but does no damage.
The jackal bites you but does no damage.
The gnoll hits you from afar with a halberd.
The gnoll hits you from afar with a spear!
You closely miss the jackal. You claw the jackal.
The jackal is severely wounded.
The jackal barely misses you.
The teleport trap disappears.
The gnoll disappears!
The jackal closely misses you.
The gnoll hits you from afar with a halberd!
* * * LOW HITPOINT WARNING * * *
The gnoll hits you from afar with a spear!
You die...

################
.....<....<....#####
###.#........#.....#
#.<......#####.#
............# ##.# .
###.........# #..# ...
#.........####.#......#
#.#..........†...###.##
#..........§@#.###
##..#......h.#...
.....gg.......
.......<....###
.....####.### ..#.. #.#
. .. .# .## #


You could see 2 gnolls and a jackal.

Vanquished Creatures
  Robin (D:2)
  2 adders (D:2)
  2 oozes
  4 dart slugs
  4 leopard geckos
  3 bats
  4 giant cockroaches (D:1)
  22 goblins
  9 hobgoblins
  A jackal (D:3)
  6 frilled lizards
  4 kobolds
  5 rats
67 creatures vanquished.

Notes
Turn   | Place    | Note
-------+----------+-------------------------------------------
     0 | D:1      | slep the Demonspawn Gladiator began the quest for the Orb.
     0 | D:1      | Reached XP level 1. HP: 16/16 MP: 1/1
   153 | D:1      | Gained mutation: You are partially covered in molten scales. (AC +2) [demonic ancestry]
   153 | D:1      | Reached XP level 2. HP: 17/22 MP: 2/2
   217 | D:1      | Reached skill level 3 in Axes
   270 | D:1      | Reached XP level 3. HP: 27/27 MP: 3/3
   831 | D:2      | Noticed Robin
   837 | D:2      | Killed Robin
   854 | D:2      | Gained mutation: You have sharp toenails. [demonic ancestry]
   854 | D:2      | Reached XP level 4. HP: 27/33 MP: 4/4
  1312 | D:2      | Reached skill level 4 in Axes
  1549 | D:3      | Slain by a gnoll

Vault maps used:
D:1:      evilmike_arrival_plus, minmay_split_cup_small
D:2:      uniq_robin
D:3:      chequers_temple_overflow_statue_of_worship

Skill      XL: |  1  2  3  4 |
---------------+-------------+-----
Dodging        | 3 |  3.4
Axes           | 3 4 |  4.1
Fighting       | |  2.3
Throwing       | |  1.9
Armour         | |  0.7
Stealth        | |  0.1

Action                   |  1- 3 |  4- 6 || total
-------------------------+-------+-------++-------
Melee: War axe           |    83 |    70 ||   153
       Kick              |       |    15 ||    15
  Eat: Chunk             |       |     2 ||     2
Armor: Leather armour    |    32 |    29 ||    61
Dodge: Dodged            |    52 |    50 ||   102

Table legend:
 A = Spawn XP
 B = Non-spawn XP
 C = Spawn XP percentage of total XP
 D = Spawn monster count
 E = Non-spawn monster count
 F = Spawn count percentage of total count
 G = Total turns spent on level
                    A         B        C        D         E        F      G
               +---------+---------+-------+---------+---------+-------+---------
         Total |       0 |     173 |   0.0 |       0 |      67 |   0.0 |  1549
               +---------+---------+-------+---------+---------+-------+---------
           D:1 |       0 |      62 |   0.0 |       0 |      29 |   0.0 |   823
           D:2 |       0 |     101 |   0.0 |       0 |      35 |   0.0 |   695
           D:3 |       0 |      10 |   0.0 |       0 |       3 |   0.0 |    31
               +---------+---------+-------+---------+---------+-------+---------
